 Dungeon Crawl Stone Soup version 0.30-a0-297-g0ec75d9ef4 (webtiles) character file.

Game seed: 12711530006067910626

553939 Querens the Archmage (level 24, -3/137 HPs)
             Began as a Deep Elf Conjurer on Oct 16, 2022.
             Was the Champion of Vehumet.
             Killed by divine providence
             ... invoked by a royal mummy
              (13 damage)
             ... on level 3 of the Tomb of the Ancients on Oct 18, 2022.
             The game lasted 03:37:19 (27011 turns).

Querens the Archmage (Deep Elf Conjurer)           Turns: 27011, Time: 03:37:20

Health: -3/137     AC: 18    Str:  8      XL:     24   Next: 55%
Magic:  4/56       EV: 12    Int: 47 (49) God:    Vehumet [******]
Gold:   2822       SH: 14    Dex: 15      Spells: 7/77 levels left

rFire   + + .      SeeInvis +    t - staff of fire
rCold   + + .      Faith    .    W - +3 warlock's mirror {reflect}
rNeg    + + +      Spirit   .    D - +2 robe {Archmagi}
rPois   ∞          Reflect  +    v - +3 crown of Dyrovepreva {rElec Int+2 SInv}
rElec   +          Harm     .    R - scarf {rC+ rF+}
rCorr   .          Rampage  .    U - +2 pair of gloves
Will    +++..      Archmagi +    a - +1 pair of boots "Raeteum" {*Slow Regen+ Dex+3 SInv}
Stlth   ++........               q - amulet of magic regeneration
HPRegen 1.22/turn                r - +6 ring of intelligence
MPRegen 0.75/turn                y - +6 ring of intelligence

@: about to teleport, lich-form, hasted and slowed, studying Armour
A: draining attack, torment immunity, no potions, claws 1, large bone plates 1,
strong 1
}: 4/15 runes: serpentine, barnacled, slimy, silver
a: End Transformation, Renounce Religion


You were on level 3 of the Tomb of the Ancients.
You worshipped Vehumet.
Vehumet was exalted by your worship.
You were an undead lich.
You visited 10 branches of the dungeon, and saw 47 of its levels.
You also visited: Ossuary, Gauntlet and Wizlab.

You collected 6845 gold pieces.
You spent 4023 gold pieces at shops.

Inventory:

Armour
 a - the +1 pair of boots "Raeteum" (worn) {*Slow Regen+ Dex+3 SInv}
   (You bought it in a shop on level 1 of the Shoals)

   Dex:       It affects your dexterity (+3).
   SInv:      It lets you see invisible.
   Regen:     It increases your rate of health regeneration.
   *Slow:     It may slow you when you take damage.
 p - a scarf of shadows
 s - a +0 troll leather armour
 v - the +3 crown of Dyrovepreva (worn) {rElec Int+2 SInv}
   (You found it on level 4 of the Shoals)

   Int:       It affects your intelligence (+2).
   rElec:     It insulates you from electricity.
   SInv:      It lets you see invisible.
 D - a +2 robe of the Archmagi (worn)
 E - the +1 pair of boots "Vuenyacw" {Harm Fly rF+ Int+3}
   (You found it on level 5 of the Pits of Slime)

   Int:       It affects your intelligence (+3).
   rF:        It protects you from fire.
   Fly:       It grants you flight.
   Harm:      It increases damage dealt and taken.
 F - +3 shadow dragon scales
 R - a scarf of resistance (worn)
 U - a +2 pair of gloves (worn)
 W - the +3 warlock's mirror (worn) {reflect}
   (You acquired it on level 1 of the Orcish Mines)

   It can block and reflect piercing ranged attacks and magical attacks against
   the wielder's willpower.
 Z - a scarf of harm
Magical Staves
 i - a staff of earth
 t - a staff of fire (weapon)
 K - a staff of death
 S - a staff of conjuration
Jewellery
 f - a ring of protection from cold
 h - a ring of see invisible
 q - an amulet of magic regeneration (around neck)
 r - a +6 ring of intelligence (left hand)
 w - the ring of the Morning {Fly rCorr Dex+3}
   (You took it off a merfolk on level 4 of the Shoals)

   [ring of flight]

   Dex:       It affects your dexterity (+3).
   Fly:       It grants you flight.
   rCorr:     It protects you from acid and corrosion.
 y - a +6 ring of intelligence (right hand)
 O - a ring of magical power
 P - the ring "Bonnit" {rF+ Will+ Stlth+}
   (You bought it in a shop on level 3 of the Snake Pit)

   [ring of willpower]

   rF:        It protects you from fire.
   Will:      It increases your willpower.
   Stlth:     It makes you more stealthy.
 T - a ring of magical power
Scrolls
 c - 12 scrolls of enchant armour
 d - a scroll of acquirement
 g - 19 scrolls of teleportation
 j - 7 scrolls of fog
 u - 2 scrolls of silence
 I - 7 scrolls of immolation
 J - 11 scrolls of amnesia
 M - 6 scrolls of magic mapping
 N - 6 scrolls of poison
 V - 5 scrolls of summoning
Potions
 b - 8 potions of magic
 e - 4 potions of berserk rage
 k - 13 potions of heal wounds
 l - 24 potions of curing
 m - 7 potions of might
 n - 6 potions of haste
 x - 9 potions of flight
 z - 11 potions of lignification
 A - 5 potions of mutation
 B - 5 potions of cancellation
 C - 3 potions of resistance
 X - 4 potions of ambrosia


   Skills:
 - Level 10.0 Fighting
 - Level 2.4 Dodging
 - Level 2.4 Stealth
 - Level 10.0 Shields
 O Level 27 Spellcasting
 - Level 20.5 Conjurations
 - Level 14.3 Necromancy
 - Level 12.0 Translocations
 - Level 13.2 Transmutations
 + Level 21.2 Fire Magic
 + Level 19.8 Earth Magic


You had 7 spell levels left.
You knew the following spells:

 Your Spells              Type           Power      Damage    Failure   Level
a - Magic Dart            Conj           100%       1d8       0%          1
b - Searing Ray           Conj           100%       2d8       0%          2
c - Iskenderun's Mystic   Conj/Tloc      100%       2d19      0%          4
d - Fulminant Prism       Conj/Hex       63%        3d27      1%          4
e - Mephitic Cloud        Conj/Pois/Air  100%       N/A       1%          3
f - Statue Form           Tmut/Erth      96%        N/A       1%          6
g - Iskenderun's Battles  Conj           100%       2d15      0%          5
h - Iron Shot             Conj/Erth      77%        9d14      0%          6
i - Fireball              Conj/Fire      91%        3d33      0%          5
j - Fire Storm            Conj/Fire      91%        8d23      1%          9
k - Lehudib's Crystal Sp  Conj/Erth      77%        10d17     1%          8
l - Shatter               Erth           77%        3d56*     1%          9
m - Necromutation         Tmut/Necr      81%        N/A       5%          8

Your spell library contained the following spells:

 Spells                   Type           Power      Damage    Failure   Level
 Chain Lightning          Conj/Air       63%        3d84      61%         9
 Polar Vortex             Ice            38%        N/A       100%        9
 Foxfire                  Conj/Fire      100%       2x1d9     0%          1
 Sandblast                Erth           100%       2d20      0%          1
 Shock                    Conj/Air       100%       1d9       0%          1
 Blink                    Tloc           100%       N/A       0%          2
 Momentum Strike          Conj/Tloc      100%       3d10      0%          2
 Passwall                 Tmut/Erth      100%       N/A       0%          2
 Scorch                   Fire           100%       2d10      0%          2
 Sublimation of Blood     Necr           100%       N/A       0%          2
 Dazzling Flash           Conj/Hex       100%       N/A       0%          3
 Gell's Gravitas          Tloc           100%       N/A       0%          3
 Hailstorm                Conj/Ice       100%       3d20      0%          3
 Ignite Poison            Fire/Tmut/Pois 100%       N/A       0%          3
 Inner Flame              Hex/Fire       100%       N/A       0%          3
 Lesser Beckoning         Tloc           100%       N/A       0%          3
 Stone Arrow              Conj/Erth      100%       3d13      0%          3
 Teleport Other           Tloc           100%       N/A       0%          3
 Animate Dead             Necr           100%       N/A       0%          4
 Dispel Undead            Necr           100%       3d31      0%          4
 Flame Wave               Conj/Fire      100%       2d21      0%          4
 Manifold Assault         Tloc           100%       N/A       0%          4
 Passage of Golubria      Tloc           100%       N/A       0%          4
 Petrify                  Tmut/Erth      100%       N/A       0%          4
 Sticky Flame             Conj/Fire      100%       2d11      0%          4
 Borgnjor's Vile Clutch   Necr/Erth      86%        N/A       0%          5
 Irradiate                Conj/Tmut      73%        3d36      0%          5
 Lee's Rapid Deconstruct  Erth           77%        3d34*     0%          5
 Starburst                Conj/Fire      91%        6d23      0%          6
 Freeze                   Ice            100%       1d10      1%          1
 Summon Small Mammal      Summ           100%       N/A       1%          1
 Cigotuvi's Dreadful Rot  Necr/Pois/Air  100%       N/A       1%          2
 Ensorcelled Hibernation  Hex/Ice        100%       N/A       1%          2
 Poisonous Vapours        Pois/Air       100%       N/A       1%          2
 Call Canine Familiar     Summ           76%        N/A       1%          3
 Frozen Ramparts          Ice            100%       1d16      1%          3
 Ozocubu's Armour         Ice            76%        N/A       1%          3
 Portal Projectile        Hex/Tloc       100%       N/A       1%          3
 Spider Form              Tmut/Pois      100%       N/A       1%          3
 Summon Guardian Golem    Hex/Summ       76%        N/A       1%          3
 Swiftness                Air            76%        N/A       1%          3
 Tukima's Dance           Hex            76%        N/A       1%          3
 Vhi's Electric Charge    Tloc/Air       100%       N/A       1%          3
 Airstrike                Air            38%        2d(6-22)  1%          4
 Anguish                  Hex/Necr       69%        N/A       1%          4
 Animate Armour           Summ/Erth      100%       N/A       1%          4
 Leda's Liquefaction      Hex/Erth       62%        N/A       1%          4
 Olgreb's Toxic Radiance  Pois           76%        N/A       1%          4
 Alistair's Intoxication  Tmut/Pois      74%        N/A       1%          5
 Arcjolt                  Conj/Air       63%        1d73      1%          5
 Blade Hands              Tmut           68%        N/A       1%          5
 Lightning Bolt           Conj/Air       63%        1d86      1%          5
 Conjure Ball Lightning   Conj/Air       63%        3x3d23    1%          6
 Death Channel            Necr           82%        N/A       1%          6
 Dispersal                Tloc           66%        N/A       1%          6
 Eringya's Noxious Bog    Tmut/Pois      56%        N/A       1%          6
 Dragon Form              Tmut           68%        N/A       1%          7
 Orb of Destruction       Conj           77%        9d17      1%          7
 Spellforged Servitor     Conj/Summ      63%        N/A       1%          7
 Cause Fear               Hex            38%        N/A       2%          4
 Summon Lightning Spire   Summ/Air       76%        N/A       2%          4
 Silence                  Hex/Air        38%        N/A       6%          5
 Haunt                    Necr/Summ      69%        N/A       10%         7
 Summon Cactus Giant      Summ           38%        N/A       34%         6
 Ozocubu's Refrigeration  Ice            38%        4d15      41%         7
 Enfeeble                 Hex            38%        N/A       88%         7
 Ignition                 Fire           92%        3d23      1%          8
 Infestation              Necr           82%        N/A       4%          8
 Disjunction              Tloc           66%        N/A       11%         8
 Maxwell's Capacitive Co  Air            38%        ∞         96%         8
 Discord                  Hex            38%        N/A       100%        8


Dungeon Overview and Level Annotations

Branches:
Dungeon (15/15)            Temple (1/1) D:6            Lair (5/5) D:8
 Shoals (4/4) Lair:3        Snake (4/4) Lair:3        Slime (5/5) Lair:5
    Orc (2/2) D:9             Elf (0/3) Orc:2        Vaults (5/5) D:14
  Crypt (3/3) Vaults:3       Tomb (3/3) Crypt:3     Ossuary (visited)
 WizLab (visited)         Gauntlet (visited)
 Depths: D:15

Altars:
Ashenzari
Cheibriados
Dithmenos
Elyvilon
Fedhas
Gozag
Hepliaklqana
Kikubaaqudgha
Makhleb
Nemelex Xobeh
Qazlal
Ru
Sif Muna
Trog
Uskayaw
Vehumet
Wu Jian
Xom
Yredelemnul
Zin
Jiyva

Shops:
D:7 !   D:10 [?   Orc:1 ??   Orc:2 :*::   Shoals:1 ([*   Snake:2 *
Snake:3 [[*[   Vaults:1 (   Vaults:4 !   Vaults:5 (

Portals:
Abyss: Vaults:1
Trove: D:11 (give +3 shadow dragon scales)

Annotations:
Vaults:1 2 transporters


Innate Abilities, Weirdness & Mutations

You are an undead lich.
Your unarmed attacks are suffused with negative energy.
You are immune to unholy pain and torment.
Your necromantic spells are more powerful.
You cannot drink.
You are immune to poison.
You have sharp fingernails.
You are partially covered in large bone plates. (SH +4)
Your muscles are strong. (Str +4, Int/Dex -1)


Message History

Vehumet accepts your kill.
You feel your power returning.
You feel a bit more experienced.
The great blast of fire engulfs the royal mummy!!!
The royal mummy is almost destroyed.
You feel extremely nervous for a moment...
You feel weird for a moment.
Your fire vortex barely misses the royal mummy.
The royal mummy is engulfed in blazing flames.
The royal mummy gestures wildly while chanting.
Unknown command.
Unknown command.
Unknown command.
Unknown command.
The death scarab is engulfed in blazing flames. x3
The royal mummy is engulfed in blazing flames.
The royal mummy points at you and mumbles some strange words.
Something smites you!
* * * LOW HITPOINT WARNING * * *
You block the death scarab's attack.
Unknown command.
Unknown command.
Unknown command.
As you read the scroll of summoning, it crumbles to dust.
Wisps of shadow whirl around you... You block the death scarab's attack.
The royal mummy is engulfed in blazing flames.
The death scarab closely misses your mummy priest.
Unknown command.
As you read the scroll of teleportation, it crumbles to dust.
You feel strangely unstable. The death scarab bites you!!
* * * LOW HITPOINT WARNING * * *
The death scarab drains your vigour!
You feel as though you will be slow longer.
The death scarab bites your mummy priest!!
The death scarab bites your mummy!!
Your mummy is destroyed!
Your mummy dissolves into shadows!
The death scarab barely misses your mummy priest.
The royal mummy gestures at you while chanting.
Something smites you!
You die...

#$$$$$$$....○..#.†./..##
#?($$$=$..vv..○#.$.†..#
#$$$}$$$$..vv°○#...†..#.
#)$$$$$|$○.○v°'......'.
#$$$[$$$$°○○.#......#^
#?}$$$$M....#......#.
#$B$}$$$..##......#
#$BBM$...##.$....#
##LB$$$.###......#
##$$$)## #^.....# #####
########


You could see a royal mummy, 4 death scarabs, a friendly mummy priest (summoned)
and 5 friendly fire vortices.

Vanquished Creatures
  the Royal Jelly (Slime:5)
  An ancient lich (Vaults:5)
  18 royal mummies
  Sojobo (Vaults:2)
  The ghost of Wanwyutu the Alchemist, a veteran DgTm (Vaults:1)
  A golden dragon (Vaults:5)
  A profane servitor (Crypt:3)
  Mlioglotl (Snake:4)
  A tentacled monstrosity (Vaults:5)
  4 liches
  2 quicksilver dragons (Vaults:5)
  5 titans
  24 acid blobs
  An Executioner (Vaults:1)
  12 ancient champions
  6 sphinxes
  9 tengu reavers
  A tentacled starspawn (Vaults:1)
  7 revenants
  Roxanne (Snake:4)
  Donald (Snake:2)
  4 shadow dragons
  6 fire giants (Vaults:5)
  5 storm dragons
  6 nagarajas
  5 frost giants
  14 rockslimes
  An iron dragon (Vaults:5)
  4 deep elf sorcerers
  11 azure jellies
  21 ironbound preservers
  17 vault wardens
  3 orc warlords
  A reaper (Crypt:2)
  9 quicksilver oozes
  8 stone giants
  8 very ugly things
  2 war gargoyles (Vaults:2)
  12 bennus
  9 ironbound thunderhulks
  2 deep elf demonologists (Vaults:1)
  3 vampire knights
  A minotaur (Gauntlet)
  4 dire elephants
  A deep elf annihilator (Vaults:5)
  7 eidola
  19 mummy priests
  4 ettins
  12 merfolk impalers
  3 deep elf death magi
  An entropy weaver (Vaults:4)
  16 jiangshi
  10 great orbs of eyes
  4 merfolk javelineers (Shoals:4)
  2 deep elf high priests (Vaults:5)
  A fire dragon (Lair:5)
  12 yaktaur captains
  Erolcha (D:12)
  2 catoblepae (Shoals:3)
  50 vault guards
  4 hydras
  3 peacekeepers
  A salamander tyrant (Snake:2)
  3 ice dragons
  3 merfolk avatars
  2 radroaches (shapeshifter) (Vaults:5)
  Erica (D:11)
  3 merfolk aquamancers
  8 boulder beetles
  A spriggan skeleton (Crypt:1)
  7 centaur warriors
  A satyr (Shoals:4)
  12 anacondas
  2 ogre magi
  8 two-headed ogres
  An alligator snapping turtle (Shoals:4)
  3 death knights
  10 ironbound frosthearts
  65 death scarabs
  A tengu warrior (Gauntlet)
  2 vampire magi
  A titan zombie (Crypt:1)
  11 naga warriors
  21 naga sharpshooters
  A bennu skeleton (Crypt:2)
  4 shadow wraiths (Crypt:3)
  2 soul eaters
  A titan skeleton (Tomb:2)
  37 skeletal warriors
  Sonja (D:12)
  Nergalle (Orc:1)
  6 shock serpents
  A wretched star (Vaults:1)
  An orb spider (shapeshifter) (Vaults:5)
  14 sea snakes
  4 salamander mystics
  46 deep trolls
  3 starcursed masses (Vaults:1)
  4 bog bodies (Shoals:2)
  6 phantasmal warriors
  4 glowing orange brains
  4 flayed ghosts
  2 bunyip skeletons
  3 necromancers
  2 spriggan simulacra
  A swamp dragon (Lair:5)
  5 naga ritualists
  An anaconda skeleton (Tomb:2)
  11 lindwurms
  3 orc knights
  28 harpies
  22 ironbound convokers
  A lindwurm (shapeshifter) (Vaults:1)
  5 wizards
  Pikel (D:6)
  7 mana vipers
  5 shining eyes
  2 deep elf pyromancers
  A mana viper (shapeshifter) (Vaults:5)
  15 ugly things
  A manticore (shapeshifter) (Vaults:5)
  2 orc sorcerers
  A faun (shapeshifter) (Vaults:2)
  A shining eye (shapeshifter) (Vaults:2)
  A moth of wrath (Gauntlet)
  A sphinx skeleton (Vaults:1)
  20 manticores
  A worldbinder (Vaults:1)
  8 cyclopes
  7 fauns
  18 salamanders
  A frost giant skeleton (Vaults:1)
  35 black mambas
  10 elephants
  A fire giant skeleton (Crypt:2)
  Joseph (D:7)
  16 naga magi
  7 guardian serpents
  A stone giant skeleton (Tomb:2)
  A guardian serpent (shapeshifter) (D:14)
  9 merfolk sirens
  22 vault sentinels
  An ice statue (Gauntlet)
  7 water nymphs
  11 cane toads
  5 torpor snails (Lair:5)
  2 dire elephant zombies
  An unseen horror (shapeshifter) (D:15)
  2 gargoyles (D:14)
  An unseen horror (D:11)
  4 demonic crawlers (D:13)
  11 rime drakes
  A freezing wraith (Vaults:2)
  A yaktaur skeleton (Vaults:1)
  12 yaktaurs
  16 komodo dragons
  6 tengu conjurers
  36 guardian mummies
  35 merfolk
  2 hydra zombies
  4 tyrant leeches (Lair:5)
  A meliai (shapeshifter) (Vaults:5)
  A sea snake skeleton (Crypt:2)
  A large abomination (Vaults:1)
  2 polar bears
  6 trolls
  14 blink frogs
  8 hornets
  11 snapping turtles
  107 slime creatures
  6 wind drakes
  18 dream sheep
  8 flying skulls (Tomb:3)
  A culicivora (Vaults:5)
  A black mamba zombie (Crypt:3)
  A shadow (D:5)
  Sigmund (D:6)
  An ettin skeleton (Tomb:1)
  6 wraiths
  14 wyverns
  40 yaks
  9 vampires
  15 golden eyes
  17 ushabtiu
  8 water elementals
  15 basilisks
  A wind drake skeleton (Crypt:1)
  8 redbacks
  19 vampire mosquitoes
  A steam dragon (D:7)
  14 two-headed ogre zombies (Orc:1)
  40 nagas
  3 wargs (Orc:1)
  3 acid dragons
  17 water moccasins
  A floating eye (D:13)
  3 hell hounds (Lair:5)
  38 orc warriors
  3 swamp drakes (Lair:5)
  4 black bears
  2 sky beasts
  9 ogres
  18 centaurs
  2 ice beasts
  9 wolves
  A centaur (shapeshifter) (Vaults:2)
  A phantom (D:5)
  Blork the orc (D:6)
  5 kobold brigands
  A necrophage (D:5)
  2 scorpions (D:6)
  8 bullfrogs
  12 wights
  2 troll zombies (WizLab)
  3 small abominations (D:13)
  A warg skeleton (Crypt:3)
  16 killer bees
  2 troll skeletons
  7 howler monkeys
  A centaur zombie (Ossuary)
  8 orc priests
  A gnoll bouda (D:6)
  Crazy Yiuf (D:2)
  4 hounds
  A black bear skeleton (Crypt:1)
  A human skeleton (Crypt:2)
  A basilisk skeleton (Crypt:3)
  10 iguanas
  14 orc wizards
  A boggart zombie (Crypt:3)
  13 hell rats
  A tengu zombie (Crypt:3)
  8 ogre zombies
  48 mummies
  13 gnolls
  7 adders
  8 river rats (D:6)
  A shadow imp (D:5)
  An adder zombie (Crypt:3)
  2 worms (D:3)
  A dart slug (D:5)
  55 orcs
  9 endoplasms
  5 giant cockroaches
  9 goblins
  8 hobgoblins
  7 jackals
  10 quokkas
  6 ball pythons
  A ball python skeleton (Crypt:1)
  2 bats
  3 frilled lizards (D:1)
  A frilled lizard skeleton (Crypt:3)
  4 goblin zombies (Ossuary)
  2 hobgoblin zombies (Ossuary)
  22 kobolds
  An orc zombie (Ossuary)
  23 rats
2035 creatures vanquished.

Vanquished Creatures (collateral kills)
  2 royal mummies (Tomb:3)
  A tentacled monstrosity (Vaults:5)
  An acid blob (Slime:5)
  A shadow dragon (Vaults:5)
  A vault warden (Vaults:3)
  2 frost giants
  A very ugly thing (Vaults:2)
  A vault guard (Vaults:1)
  A boulder beetle (D:13)
  A deep troll (Vaults:1)
  A fire giant skeleton (Vaults:1)
  3 slime creatures (Slime:5)
  A yak (D:10)
  A basilisk (D:13)
  A golden eye (Slime:5)
  An orc warrior (Vaults:5)
  4 mummies
  4 kobolds
28 creatures vanquished.

Vanquished Creatures (others)
  An eldritch tentacle (Tomb:2)
  A revenant (Crypt:3)
  A wind drake (Shoals:4)
  245 fire vortices
  74 fulminant prisms
  31 fungi
  139 plants
492 creatures vanquished.

Grand Total: 2555 creatures vanquished

Notes
Turn   | Place    | Note
-------+----------+-------------------------------------------
     0 | D:1      | Querens the Deep Elf Conjurer began the quest for the Orb.
     0 | D:1      | Reached XP level 1. HP: 10/10 MP: 6/6
   116 | D:1      | Reached XP level 2. HP: 15/15 MP: 2/8
   127 | D:1      | Learned a level 2 spell: Searing Ray
   606 | D:2      | Reached skill level 4 in Spellcasting
   633 | D:2      | Reached skill level 5 in Conjurations
   633 | D:2      | Reached XP level 3. HP: 15/19 MP: 3/10
  1012 | D:2      | Found a runed translucent door.
  1013 | D:2      | Noticed Crazy Yiuf
  1020 | D:2      | Killed Crazy Yiuf
  1021 | D:2      | Reached XP level 4. HP: 24/24 MP: 5/12
  1169 | D:3      | Learned a level 4 spell: Iskenderun's Mystic Blast
  1174 | D:3      | Learned a level 4 spell: Fulminant Prism
  1403 | D:3      | Reached skill level 5 in Spellcasting
  1434 | D:3      | Found a faded altar of an unknown god.
  1736 | D:3      | Found a bloodstained altar of Trog.
  1918 | D:4      | Reached skill level 1 in Translocations
  1920 | D:4      | Reached XP level 5. HP: 25/28 MP: 10/14
  1963 | D:4      | Found a broken altar of Ashenzari.
  2071 | D:4      | Noticed a black bear
  2259 | D:4      | Killed a black bear
  2260 | D:4      | Reached skill level 6 in Spellcasting
  2260 | D:4      | Reached XP level 6. HP: 23/32 MP: 10/17
  2530 | D:4      | Found a burning altar of Makhleb.
  2626 | D:5      | Entered Level 5 of the Dungeon
  2720 | D:5      | Found a sand-covered staircase.
  2732 | Ossuary  | Entered an ossuary
  2782 | Ossuary  | Reached XP level 7. HP: 36/36 MP: 14/19
  2974 | D:5      | Reached skill level 7 in Spellcasting
  3168 | D:5      | Found an opulent altar of Gozag.
  3210 | D:5      | Found a glowing silver altar of Zin.
  3256 | D:5      | Identified the +4 ring mail of Summertime {-Cast Harm Dex+4
                  | Slay+4}
  3288 | D:5      | Noticed a shadow
  3298 | D:5      | Killed a shadow
  3440 | D:5      | Reached XP level 8. HP: 38/41 MP: 14/21
  3519 | D:5      | Reached skill level 8 in Spellcasting
  3519 | D:5      | Reached skill level 5 in Translocations
  3701 | D:6      | Found a sparkling altar of Nemelex Xobeh.
  3703 | D:6      | Noticed Blork the orc
  3711 | D:6      | Killed Blork the orc
  3771 | D:6      | Found a hazy altar of Hepliaklqana.
  3832 | D:6      | Noticed Pikel
  3840 | D:6      | Noticed Sigmund
  3849 | D:6      | Killed Pikel
  3850 | D:6      | Reached skill level 9 in Spellcasting
  3850 | D:6      | Killed Sigmund
  3851 | D:6      | Reached XP level 9. HP: 45/45 MP: 17/24
  3868 | D:6      | Found a staircase to the Ecumenical Temple.
  3877 | Temple   | Entered the Ecumenical Temple
  4004 | Temple   | Became a worshipper of Vehumet
  4136 | D:6      | Reached skill level 10 in Spellcasting
  4154 | D:6      | Reached * piety under Vehumet
  4154 | D:6      | Offered knowledge of Sandblast by Vehumet.
  4438 | D:7      | Found Fuunupsu's Distillery.
  4447 | D:7      | Bought a potion of curing for 48 gold pieces
  4447 | D:7      | Bought a potion of lignification for 48 gold pieces
  4447 | D:7      | Bought a potion of attraction for 48 gold pieces
  4447 | D:7      | Bought a potion of haste for 160 gold pieces
  4492 | D:7      | Noticed Joseph
  4572 | D:7      | Identified the +0 leather armour of the Marlin {-Cast rF+
                  | Slay+3}
  4881 | D:7      | Killed Joseph
  5054 | D:7      | Reached skill level 11 in Spellcasting
  5054 | D:7      | Reached skill level 10 in Conjurations
  5142 | D:8      | Found a staircase to the Lair.
  5337 | D:8      | Reached XP level 10. HP: 50/50 MP: 13/27
  5422 | D:8      | Reached ** piety under Vehumet
  5422 | D:8      | Offered knowledge of Foxfire by Vehumet.
  5896 | D:9      | Reached skill level 12 in Spellcasting
  6171 | D:9      | Offered knowledge of Mephitic Cloud by Vehumet.
  6185 | D:9      | Learned a level 3 spell: Mephitic Cloud
  6341 | D:9      | Found a staircase to the Orcish Mines.
  6480 | Orc:1    | Entered Level 1 of the Orcish Mines
  6524 | Orc:1    | Found Nush's Magic Scroll Shoppe.
  6574 | Orc:1    | Bought a scroll of blinking for 75 gold pieces
  6603 | Orc:2    | Entered Level 2 of the Orcish Mines
  6603 | Orc:2    | Found a staircase to the Elven Halls.
  6624 | Orc:1    | Noticed a two-headed ogre
  6632 | Orc:1    | Noticed Nergalle
  6641 | Orc:1    | Killed a two-headed ogre
  6641 | Orc:1    | Reached *** piety under Vehumet
  6642 | Orc:1    | Reached skill level 1 in Fighting
  6642 | Orc:1    | Reached skill level 10 in Translocations
  6656 | Orc:2    | Noticed a two-headed ogre
  6680 | Orc:2    | Killed a two-headed ogre
  6681 | Orc:2    | Reached skill level 13 in Spellcasting
  6689 | Orc:1    | Reached XP level 11. HP: 29/57 MP: 7/30
  6861 | Orc:2    | Noticed a boulder beetle
  6949 | Lair:1   | Entered Level 1 of the Lair of Beasts
  7214 | Lair:1   | Found a shimmering altar of Xom.
  7620 | Lair:2   | Offered knowledge of Ignite Poison by Vehumet.
  7700 | Lair:2   | Reached skill level 14 in Spellcasting
  7733 | Lair:2   | Reached **** piety under Vehumet
  7849 | Lair:2   | Reached XP level 12. HP: 67/67 MP: 19/32
  7869 | Lair:2   | Offered knowledge of Olgreb's Toxic Radiance by Vehumet.
  7932 | Lair:2   | Noticed a boulder beetle
  7948 | Lair:2   | Killed a boulder beetle
  8009 | Lair:2   | Reached skill level 5 in Fighting
  8100 | Lair:3   | Noticed a boulder beetle
  8117 | Lair:3   | Killed a boulder beetle
  8118 | Lair:3   | Reached skill level 15 in Spellcasting
  8157 | Lair:3   | Learned a level 6 spell: Statue Form
  8230 | Lair:3   | Found a staircase to the Shoals.
  8271 | Lair:3   | Reached skill level 1 in Earth Magic
  8384 | Lair:3   | Found a staircase to the Snake Pit.
  8482 | Lair:3   | Reached skill level 16 in Spellcasting
  8619 | Lair:4   | Noticed an eight-headed hydra
  8651 | Lair:4   | Identified the +7 longbow of Valiance {freeze, Will+}
  8797 | Lair:4   | Reached ***** piety under Vehumet
  8900 | Lair:4   | Reached skill level 5 in Earth Magic
  8900 | Lair:4   | Reached XP level 13. HP: 39/72 MP: 29/35
  8915 | Lair:4   | Offered knowledge of Sticky Flame by Vehumet.
  9189 | Lair:4   | Reached skill level 17 in Spellcasting
  9290 | Lair:5   | Entered Level 5 of the Lair of Beasts
  9644 | Orc:2    | HP: 3/73 [centaur/arrow (7)]
  9683 | Orc:1    | Killed Nergalle
  9763 | Orc:1    | Found Cyteysax's Magic Scroll Boutique.
  9777 | Orc:1    | Offered knowledge of Airstrike by Vehumet.
  9863 | Orc:1    | Bought a scroll of acquirement for 728 gold pieces
  9863 | Orc:1    | Acquired the +3 warlock's mirror {reflect}
  9863 | Orc:1    | Found the +3 warlock's mirror {reflect}
  9937 | Orc:2    | Found a bloodstained altar of Trog.
 10162 | Lair:5   | Reached skill level 1 in Shields
 10191 | Lair:5   | Found a viscous altar of Jiyva.
 10191 | Lair:5   | Found a staircase to the Slime Pits.
 10205 | Lair:5   | Acquired a staff of conjuration
 10300 | Lair:5   | Found a runed translucent door.
 10334 | Lair:5   | Reached skill level 18 in Spellcasting
 10474 | Lair:5   | Reached XP level 14. HP: 77/79 MP: 8/38
 11242 | Orc:2    | Offered knowledge of Yara's Violent Unravelling by Vehumet.
 11571 | Orc:1    | Reached skill level 10 in Earth Magic
 11719 | Orc:2    | Found Qackecoe's Book Shop.
 11719 | Orc:2    | Found Zolibb's Assorted Antiques.
 11721 | Orc:2    | Found Kickakhlu's Book Shoppe.
 11723 | Orc:2    | Found Myofui's Book Boutique.
 11738 | Orc:2    | Bought Juadux's Lessons on Sweltering Clay for 300 gold
                  | pieces
 11741 | Orc:2    | Bought a book of the Spheres for 702 gold pieces
 11747 | Orc:2    | Learned a level 5 spell: Iskenderun's Battlesphere
 11986 | Snake:1  | Entered Level 1 of the Snake Pit
 12004 | Snake:1  | Reached skill level 19 in Spellcasting
 12096 | Snake:1  | Reached skill level 5 in Shields
 12954 | Snake:2  | Offered knowledge of Iron Shot by Vehumet.
 12972 | Snake:2  | Reached XP level 15. HP: 57/84 MP: 38/40
 12976 | Snake:2  | Noticed Donald
 12988 | Snake:2  | Killed Donald
 13013 | Snake:2  | Reached skill level 20 in Spellcasting
 13151 | Snake:2  | Found Xoohanot's General Store.
 13164 | Snake:2  | Bought a +2 robe of the Archmagi for 603 gold pieces
 13187 | Snake:2  | Learned a level 6 spell: Iron Shot
 13469 | Snake:3  | Noticed a nagaraja
 13472 | Snake:3  | Killed a nagaraja
 13593 | Snake:3  | Learned a level 5 spell: Fireball
 13603 | Snake:3  | Learned a level 9 spell: Fire Storm
 13678 | Snake:3  | Noticed a nagaraja
 13683 | Snake:3  | Killed a nagaraja
 13684 | Snake:3  | Reached skill level 1 in Fire Magic
 13807 | Snake:3  | Reached skill level 15 in Conjurations
 13812 | Snake:3  | Reached skill level 21 in Spellcasting
 13878 | Snake:3  | Found Raxol's Assorted Antiques.
 13879 | Snake:3  | Found Usacucab's Antique Armour Emporium.
 13879 | Snake:3  | Found Qaodem's Armour Shoppe.
 13882 | Snake:3  | Found Ucrig's Armour Shoppe.
 13896 | Snake:3  | Bought a pitted brass ring for 155 gold pieces
 13896 | Snake:3  | Identified the ring "Bonnit" {rF+ Will+ Stlth+} (You bought
                  | it in a shop on level 3 of the Snake Pit)
 14115 | Snake:4  | Entered Level 4 of the Snake Pit
 14178 | Snake:4  | Reached XP level 16. HP: 88/88 MP: 27/43
 14183 | Snake:4  | Noticed Mlioglotl
 14188 | Snake:4  | Killed Mlioglotl
 14195 | Snake:4  | Reached skill level 5 in Fire Magic
 14202 | Snake:4  | Offered knowledge of Eringya's Noxious Bog by Vehumet.
 14207 | Snake:4  | Reached ****** piety under Vehumet
 14282 | Snake:4  | Got a serpentine rune of Zot
 14325 | Snake:4  | Reached skill level 22 in Spellcasting
 14371 | Snake:4  | Noticed Roxanne
 14390 | Snake:4  | Killed Roxanne
 14721 | Shoals:1 | Entered Level 1 of the Shoals
 14773 | Shoals:1 | Found Hoyla's Armour Emporium.
 14803 | Shoals:1 | Found Qisaxaxae's Weapon Boutique.
 14938 | Shoals:1 | Found Jyucegi's General Store.
 15136 | Shoals:2 | Offered knowledge of Freezing Cloud by Vehumet.
 15382 | Shoals:2 | Reached XP level 17. HP: 89/92 MP: 45/45
 15393 | Shoals:2 | Acquired a staff of earth
 15524 | Shoals:2 | Reached skill level 23 in Spellcasting
 15701 | Shoals:3 | Identified the +8 rapier of Eveacsoges {flame, Str+5}
 15909 | Shoals:3 | Identified the +7 dagger of the Endless Expanse {vorpal,
                  | Fly Str+2 Dex-3}
 16027 | Shoals:4 | Entered Level 4 of the Shoals
 16033 | Shoals:4 | Reached skill level 10 in Fire Magic
 16168 | Shoals:1 | Bought the +1 pair of boots "Raeteum" {*Slow Regen+ Dex+3
                  | SInv} for 256 gold pieces
 16309 | Shoals:4 | Offered knowledge of Lehudib's Crystal Spear by Vehumet.
 16321 | Shoals:4 | Learned a level 8 spell: Lehudib's Crystal Spear
 16344 | Shoals:4 | Found a hide-covered altar of Uskayaw.
 16481 | Shoals:4 | Identified the ring of the Morning {Fly rCorr Dex+3}
 16521 | Shoals:4 | Found the +3 crown of Dyrovepreva {rElec Int+2 SInv}
 16685 | Shoals:4 | Reached skill level 24 in Spellcasting
 16690 | Shoals:4 | Got a barnacled rune of Zot
 16818 | Slime:1  | Entered Level 1 of the Pits of Slime
 16822 | Slime:1  | Noticed an acid blob
 16828 | Slime:1  | Noticed an acid blob
 16830 | Slime:1  | Killed an acid blob
 16832 | Slime:1  | Noticed an acid blob
 16832 | Slime:1  | HP: 4/119 [acid blob/splash of acid (13)]
 16835 | Slime:1  | Killed an acid blob
 16837 | Slime:1  | Killed an acid blob
 17217 | Slime:2  | Noticed an acid blob
 17221 | Slime:2  | Killed an acid blob
 17222 | Slime:2  | Reached XP level 18. HP: 98/98 MP: 24/48
 17352 | Slime:3  | Offered knowledge of Shatter by Vehumet.
 17352 | Slime:3  | Offered knowledge of Chain Lightning by Vehumet.
 17352 | Slime:3  | Offered knowledge of Polar Vortex by Vehumet.
 17435 | Slime:3  | Paralysed by a great orb of eyes for 3 turns
 17454 | Slime:3  | Paralysed by a great orb of eyes for 2 turns
 17788 | Slime:5  | Entered Level 5 of the Pits of Slime
 17811 | Slime:5  | Noticed the Royal Jelly
 17816 | Slime:5  | Killed the Royal Jelly
 17817 | Slime:5  | Reached skill level 25 in Spellcasting
 17858 | Slime:5  | Acquired 350 gold pieces
 17874 | Slime:5  | Identified the +8 chain mail of Peek-a-Boo {Contam Int+9
                  | Dex+6}
 17885 | Slime:5  | Identified the +1 pair of boots "Vuenyacw" {Harm Fly rF+
                  | Int+3}
 17909 | Slime:5  | Identified the amulet "Qirenuse" {Regen+ Str+4}
 17945 | Slime:5  | Identified the +2 leather armour "Baavy" {Stlth+}
 17950 | Slime:5  | Got a slimy rune of Zot
 18353 | D:10     | Entered Level 10 of the Dungeon
 18358 | D:10     | Found Leor's Armour Shop.
 18444 | D:10     | Found an ancient bone altar of Kikubaaqudgha.
 18444 | D:10     | Found a sacrificial altar of Ru.
 18558 | D:10     | Found Zeenych's Magic Scroll Shop.
 18726 | D:11     | Reached XP level 19. HP: 102/102 MP: 48/50
 18748 | D:11     | Found a portal to a secret trove of treasure.
 18794 | D:11     | Noticed Erica
 18795 | D:11     | Killed Erica
 19037 | D:12     | Found a gate leading to a gauntlet.
 19042 | Gauntlet | Entered a Gauntlet
 19042 | Gauntlet | Found a transporter.
 19042 | Gauntlet | Found a runed translucent door.
 19042 | Gauntlet | Found a transporter.
 19044 | Gauntlet | Found a transporter.
 19044 | Gauntlet | Found a transporter.
 19046 | Gauntlet | Found a runed translucent door.
 19054 | Gauntlet | Found a transporter.
 19054 | Gauntlet | Found a transporter.
 19089 | Gauntlet | Found a transporter.
 19090 | Gauntlet | Found a transporter.
 19103 | Gauntlet | Found a transporter.
 19118 | Gauntlet | Found a transporter.
 19122 | Gauntlet | Found a transporter.
 19142 | Gauntlet | Found a transporter.
 19227 | Gauntlet | Acquired an Everburning Encyclopedia
 19255 | Gauntlet | Identified the +3 sling "Esol Baish" {speed, *Corrode
                  | Dex+5}
 19547 | D:12     | Noticed Erolcha
 19548 | D:12     | Killed Erolcha
 19685 | D:12     | Noticed Sonja
 19687 | D:12     | Killed Sonja
 19909 | D:13     | Found a hide-covered altar of Uskayaw.
 20098 | D:13     | Got the Compilation of Icy Shaping
 20230 | D:13     | Learned a level 9 spell: Shatter
 20387 | D:13     | Got Dougul's Anthology of Hazy Companions
 20550 | D:14     | Reached skill level 26 in Spellcasting
 20711 | D:14     | Found a gate to the Vaults.
 20868 | D:15     | Entered Level 15 of the Dungeon
 20894 | D:15     | Reached skill level 15 in Fire Magic
 20954 | Vaults:1 | Entered Level 1 of the Vaults
 21026 | Vaults:1 | Found Jefut's Antique Weapon Shop.
 21365 | Vaults:1 | Found a transporter.
 21368 | Vaults:1 | Found a transporter.
 21383 | Vaults:1 | Found a one-way gate to the infinite horrors of the Abyss.
 21383 | Vaults:1 | Noticed Wanwyutu's ghost (veteran DgTm)
 21438 | Vaults:1 | Reached XP level 20. HP: 109/109 MP: 35/52
 21445 | Vaults:1 | Killed Wanwyutu's ghost
 22119 | Vaults:2 | Noticed Sojobo
 22124 | Vaults:2 | Killed Sojobo
 22131 | Vaults:2 | Reached skill level 27 in Spellcasting
 22133 | Vaults:2 | Got The Arcane Secrets of Theurgy
 22537 | Vaults:2 | Identified the ring "Koroq" {Wiz Str+7}
 22724 | Vaults:3 | Found a magical portal.
 22756 | WizLab   | Entered Zonguldrok's Shrine
 22837 | WizLab   | Found the +9 sword of Zonguldrok {reap}
 22915 | Vaults:3 | Reached skill level 15 in Earth Magic
 22915 | Vaults:3 | Reached XP level 21. HP: 118/118 MP: 54/54
 22915 | Vaults:3 | Upgraded the game from 0.30-a0-283-gf371ce1921 to
                  | 0.30-a0-297-g0ec75d9ef4
 22962 | Vaults:3 | You fall into a shaft and drop 1 floor!
 22987 | Vaults:3 | Paralysed by a sphinx for 2 turns
 23250 | Vaults:3 | Found a staircase to the Crypt.
 23935 | Vaults:4 | Reached skill level 10 in Shields
 24026 | Vaults:4 | Found Wyacwis's Distillery.
 24036 | Vaults:4 | Bought a potion of mutation for 160 gold pieces
 24036 | Vaults:4 | Bought a potion of haste for 200 gold pieces
 24036 | Vaults:4 | Bought a potion of curing for 60 gold pieces
 24036 | Vaults:4 | Bought a potion of lignification for 60 gold pieces
 24036 | Vaults:4 | Bought a potion of flight for 60 gold pieces
 24128 | Vaults:4 | Identified the +12 whip "Poneunytz" {freeze, Int+3 Dex+3}
 24135 | Vaults:4 | Reached skill level 10 in Fighting
 24675 | Orc:2    | Bought the Vademecum on Doomed Superposition for 360 gold
                  | pieces
 24684 | Orc:2    | Learned a level 8 spell: Necromutation
 24913 | Vaults:5 | Entered Level 5 of the Vaults
 24920 | Vaults:5 | Reached skill level 5 in Necromancy
 24925 | Vaults:5 | Reached skill level 5 in Transmutations
 24925 | Vaults:5 | Reached XP level 22. HP: 127/127 MP: 55/55
 24941 | Vaults:5 | Noticed a golden dragon
 24942 | Vaults:5 | Killed a golden dragon
 25071 | Vaults:5 | Reached skill level 10 in Necromancy
 25073 | Vaults:5 | Noticed an ancient lich
 25074 | Vaults:5 | Identified the +2 ring mail "Goerad" {rCorr Int+3 Dex+4
                  | Stlth-}
 25074 | Vaults:5 | Identified the ring of Senewim {Ice Contam rPois rN++ SInv}
                  | (You took it off an ironbound convoker on level 5 of the
                  | Vaults)
 25075 | Vaults:5 | Killed an ancient lich
 25082 | Vaults:5 | Reached skill level 10 in Transmutations
 25092 | Vaults:5 | Identified the amulet "Ekid" {Spirit +Inv rPois Str-4
                  | Int-3}
 25123 | Vaults:5 | Identified the +1 robe "Damnable Contraption" {+Blink Will+
                  | Str+4}
 25131 | Vaults:5 | Identified the +0 robe "Rixam" {Harm rF- Will+++ Dex+5}
 25404 | Vaults:5 | Identified the +7 crystal plate armour "Peonece" {Str+6
                  | Slay-4}
 25448 | Vaults:5 | Found Onou's Weapon Boutique.
 25458 | Vaults:5 | Got a silver rune of Zot
 25608 | Crypt:1  | Entered Level 1 of the Crypt
 25791 | Crypt:2  | Found an ancient bone altar of Kikubaaqudgha.
 25855 | Crypt:3  | Entered Level 3 of the Crypt
 25942 | Crypt:3  | Reached XP level 23. HP: 132/132 MP: 32/56
 26075 | Crypt:2  | Gained mutation: You have large cloven feet. [potion of
                  | mutation]
 26075 | Crypt:2  | Gained mutation: You are frail. (-10% HP) [potion of
                  | mutation]
 26076 | Crypt:2  | Lost mutation: You have large cloven feet. [potion of
                  | mutation]
 26076 | Crypt:2  | Lost mutation: You are frail. (-10% HP) [potion of
                  | mutation]
 26076 | Crypt:2  | Gained mutation: You are partially covered in large bone
                  | plates. (SH +4) [potion of mutation]
 26076 | Crypt:2  | Gained mutation: Your muscles are strong. (Str +4, Int/Dex
                  | -1) [potion of mutation]
 26076 | Crypt:2  | Gained mutation: You have sharp fingernails. [potion of
                  | mutation]
 26352 | Crypt:3  | Found a staircase to the Tomb.
 26378 | Tomb:1   | Entered Level 1 of the Tomb of the Ancients
 26399 | Tomb:1   | Noticed a royal mummy
 26402 | Tomb:1   | Killed a royal mummy
 26408 | Tomb:1   | Noticed a royal mummy
 26408 | Tomb:1   | Noticed a royal mummy
 26409 | Tomb:1   | Noticed a royal mummy
 26411 | Tomb:1   | Killed a royal mummy
 26411 | Tomb:1   | Killed a royal mummy
 26411 | Tomb:1   | Killed a royal mummy
 26411 | Tomb:1   | Noticed a royal mummy
 26412 | Tomb:1   | Killed a royal mummy
 26438 | Tomb:1   | Noticed a royal mummy
 26440 | Tomb:1   | Killed a royal mummy
 26510 | Tomb:1   | Noticed a royal mummy
 26516 | Tomb:1   | Killed a royal mummy
 26534 | Tomb:1   | Noticed a royal mummy
 26537 | Tomb:1   | Killed a royal mummy
 26633 | Tomb:2   | Noticed a royal mummy
 26633 | Tomb:2   | Noticed a royal mummy
 26633 | Tomb:2   | Noticed a royal mummy
 26633 | Tomb:2   | Noticed a royal mummy
 26635 | Tomb:2   | Killed a royal mummy
 26635 | Tomb:2   | Killed a royal mummy
 26635 | Tomb:2   | Killed a royal mummy
 26640 | Tomb:2   | Killed a royal mummy
 26887 | Tomb:3   | Entered Level 3 of the Tomb of the Ancients
 26893 | Tomb:3   | Reached XP level 24. HP: 135/137 MP: 56/56
 26906 | Tomb:3   | Noticed a royal mummy
 26908 | Tomb:3   | Killed a royal mummy
 26909 | Tomb:3   | Noticed a royal mummy
 26912 | Tomb:3   | Killed a royal mummy
 26913 | Tomb:3   | Noticed a royal mummy
 26915 | Tomb:3   | Killed a royal mummy
 26928 | Tomb:3   | Noticed a royal mummy
 26930 | Tomb:3   | Killed a royal mummy
 26950 | Tomb:3   | Noticed a royal mummy
 26952 | Tomb:3   | Noticed a royal mummy
 26955 | Tomb:3   | Killed a royal mummy
 26955 | Tomb:3   | Killed a royal mummy
 26968 | Tomb:3   | Noticed a royal mummy
 26972 | Tomb:3   | Killed a royal mummy
 26981 | Tomb:3   | Noticed a royal mummy
 26984 | Tomb:3   | Noticed a royal mummy
 26998 | Tomb:3   | Killed a royal mummy
 27011 | Tomb:3   | Killed from afar by a royal mummy

Illustrated notes

Levels and vault maps discovered:
D:1:      minmay_arrival_four_loops, layout_basic, hex_medium
D:2:      layout_rooms, serial_aquarium, aquarium_bridge_island_small
          [aquarium_subvault_small_open, aquarium_subvault_bridge,
          aquarium_subvault_bridge, aquarium_subvault_wall,
          aquarium_subvault_bridge], aquarium_window_1,
          aquarium_window_corridor_1, aquarium_window_1, aquarium_view_2e,
          st_stairs_6, minmay_randomly_rotated_circles, uniq_crazy_yiuf_cottage
D:3:      layout_basic, lemuel_round_altar, serial_curves, eino_curves_04,
          eino_curves_03, dreamdust_ecumenical_altar_hidden_monk_grotto,
          minmay_misc_feat_columns
D:4:      minmay_chambers_of_twos, layout_loops_ring,
          cheibrodos_ashenzari_chains, old_standard_altar
D:5:      layout_layer_cave, pdpol_temple_overflow_zin_treasury_gozag_greed,
          nicolae_ossuary_entry_monument, serial_rivers,
          chequers_serial_rivers_small_3, chequers_serial_rivers_micro_c,
          chequers_serial_rivers_small_b, chequers_serial_rivers_marsh
D:6:      lemuel_ratsnest, layout_basic, nemelex_altar_shiori,
          kennysheep_mini_moat, minmay_temple_entry_poolview, uniq_sigmund,
          uniq_blork_the_orc, uniq_pikel
D:7:      layout_loops_corners, serial_shops, nicolae_stop_n_shop_1,
          minmay_misc_feat_more_columns, uniq_joseph
D:8:      layout_loops_corners, lair_entry_dummy
D:9:      layout_layer_cave, mainiacjoe_overflow_swirl, david_orc_3
D:10:     layout_basic, minitemple, serial_shops, nicolae_shop_crystal, shop
D:11:     layout_rooms, nicolae_trove_entry_diagonal, uniq_erica
D:12:     layout_roguey, gauntlet_entry_generic, uniq_sonja, uniq_erolcha
D:13:     cheibrodos_hippocracy, layout_grid_maze, nicolae_uskayaw_suspiria
D:14:     layout_cave_pools, grunt_vaults_entry_fortified, serial_column_ruins,
          column_ruins_columns_straight, column_ruins_open_small,
          column_ruins_grid_1, column_ruins_grid_1, column_ruins_grid_4
D:15:     gammafunk_enter_depths_forms, layout_basic, basic_altar, serial_shops,
          shop, einodemon_crawler_minivault, uniq_nessos
Temple:   grunt_temple_mini_profane
Lair:1:   layout_small_grid, basic_altar, beast_lair_carwin_2
Lair:2:   layout_loops_ring, grunt_megastairs_5
Lair:3:   layout_gridlike, minmay_shoals_entry_centaurs,
          minmay_snake_entry_six_corridors, nzn_sisyphean_effort
Lair:4:   layout_cave_pods, special_room [special_room_mythical_zoo],
          grunt_forest_small_clearings
Lair:5:   guppyfry_lair_end_dragon, layout_gridlike, wormcave, slime_entry_1,
          special_room [special_room_mythical_zoo], minivault_24,
          serial_bayou_pond_b
Shoals:1: layout_shoals, serial_shops, nicolae_square_shop, shop, shop
Shoals:2: layout_shoals, nicolae_shoals_secluded_bog
Shoals:3: nzn_motion_control, layout_shoals, nicolae_shoals_so_close
Shoals:4: shoals_end_simple, layout_shoals, lemuel_altar_in_water,
          nicolae_shoals_mertower
Snake:1:  layout_concentric_octagons, nicolae_coiled_stairwell_down
Snake:2:  layout_cave_town, serial_shops, shop, minmay_snake_pond, uniq_donald
Snake:3:  layout_grid_maze, minmay_shoptagon, grunt_megastairs_2
Snake:4:  grunt_snake_rune_serpentine_throne, layout_rooms, lemuel_fruit_tree,
          uniq_roxanne, uniq_mlioglotl
Slime:1:  layout_caves
Slime:2:  layout_caves, cheibrodos_slime_lost_civilization_4
Slime:3:  layout_caves
Slime:4:  layout_caves
Slime:5
Orc:1:    lemuel_ogre_cave, layout_diamond_mine, serial_shops,
          nicolae_shop_crystal, nicolae_shop_hallway_plus,
          hangedman_feature_mirror, nicolae_orc_crystal_geode, uniq_nergalle
Orc:2:    st_orc_rangers, layout_caves, basic_altar, rock_pile
Vaults:1: gammafunk_ghost_abyssal_escape, vaults_dpeg_doors,
          hangedman_vaults_river_flow, vaults_room_hallway, grunt_vaults_twisty,
          vaults_room_guarded_vault, grunt_vaults_swirl, v_alt_pattern_4,
          nicolae_vaults_three_branches, vaults_mumra_lcd,
          ontoclasm_vaults_fault, layout_vaults_omnibox, serial_shops,
          nicolae_shop_temple_entry_statues_fountains
Vaults:2: hangedman_vaults_corner, ontoclasm_vaults_pinch, st_greater_box_1,
          v_rooms_2, ontoclasm_vaults_loading_screen, hangedman_vaults_trim,
          nicolae_vaults_alarming, v_misc_11, nicolae_vaults_specimen_jars,
          ontoclasm_vaults_chip, layout_vaults_omnicross, uniq_sojobo
Vaults:3: infiniplex_enter_wizlab_water, minmay_crypt_entry_simple_corners,
          vaults_dpeg_encased_lava, grunt_vaults_hallway_short,
          vaults_room_hangedman_quadrants, layout_vaults_omnigrid
Vaults:4: hangedman_vaults_hat, vaults_room_hallway,
          nicolae_vaults_network_star, st_squares,
          nicolae_vaults_little_squares_2, v_misc_9, v_pattern_3,
          nicolae_vaults_network_barrier, nicolae_vaults_little_squares_3,
          hangedman_vaults_stretched_pinwheel, nicolae_vaults_mini_display_case,
          vaults_dpeg_spiral, vaults_room_pools, grunt_vaults_hallway_short,
          layout_vaults_ring, serial_shops, shop_fountains
Vaults:5
Crypt:1:  layout_gridlike, columned_hall_lemuel, roderic_lattice_octagonal_star,
          uniq_frederick
Crypt:2:  layout_gridlike, st_stairs_2, lemuel_upstairs_altar
Crypt:3:  lightli_unholy_cathedral, layout_chaotic_city,
          nicolae_tomb_entry_unfolded_pyramid_diagonal
Tomb:1
Tomb:2
Tomb:3

Skill      XL: |  1  2  3  4  5  6  7  8  9 10 11 12 13 14 15 16 17 18 19 20 21 22 23 24 |
---------------+-------------------------------------------------------------------------+-----
Spellcasting   | 4 5 6 7 9 11 13 14 16 18 19 21 22 24 25 26 27 | 27.0
Conjurations   | 5 6 7 9 10 11 12 14 15 16 18 19 20 | 20.5
Translocations | 1 2 3 4 6 8 10 11 12 | 12.0
Fighting       | 1 4 5 6 8 10 | 10.0
Earth Magic    | 5 8 11 12 13 15 16 18 19 | 19.8
Shields        | 3 6 8 9 10 | 10.0
Fire Magic     | 4 8 11 13 15 17 18 19 21 | 21.2
Necromancy     | 5 12 14 | 14.3
Transmutations | 5 11 13 | 13.2
Dodging        | |  2.4
Stealth        | |  2.4

Action                   |  1- 3 |  4- 6 |  7- 9 | 10-12 | 13-15 | 16-18 | 19-21 | 22-24 || total
-------------------------+-------+-------+-------+-------+-------+-------+-------+-------++-------
Melee: Short sword       |    17 |     6 |    22 |    20 |       |       |       |       ||    65
       Dagger            |       |       |       |     3 |       |       |       |       ||     3
       Staff             |       |       |       |       |     2 |    32 |    32 |    31 ||    97
 Fire: Longbow           |       |       |       |    10 |    15 |       |       |       ||    25
 Cast: Magic Dart        |    35 |    24 |    13 |    11 |    42 |    15 |     1 |       ||   141
       Searing Ray       |     7 |    30 |    38 |    20 |    36 |     8 |     1 |       ||   140
       Iskenderun's Myst |       |     1 |    46 |   188 |   348 |   179 |    44 |     9 ||   815
       Fulminant Prism   |       |       |       |     9 |    37 |    28 |       |       ||    74
       Mephitic Cloud    |       |       |       |    11 |    34 |       |       |       ||    45
       Statue Form       |       |       |       |       |    14 |     9 |     3 |     2 ||    28
       Iskenderun's Batt |       |       |       |       |    38 |    53 |     1 |       ||    92
       Iron Shot         |       |       |       |       |     8 |    34 |   117 |    66 ||   225
       Fireball          |       |       |       |       |       |   109 |       |       ||   109
       Lehudib's Crystal |       |       |       |       |       |    24 |    19 |     8 ||    51
       Fire Storm        |       |       |       |       |       |    21 |   101 |    91 ||   213
       Shatter           |       |       |       |       |       |       |    88 |    99 ||   187
       Necromutation     |       |       |       |       |       |       |       |    16 ||    16
 Abil: End Transformatio |       |       |       |       |     6 |     4 |       |     4 ||    14
Evoke: Wand              |       |       |     1 |     2 |     1 |       |       |       ||     4
  Use: Scroll            |       |     1 |     6 |    11 |    19 |     3 |     2 |     6 ||    48
       Potion            |       |       |       |     2 |     4 |     3 |     3 |    16 ||    28
 Stab: Sleeping          |       |     2 |       |       |       |       |       |       ||     2
       Confused          |       |       |       |     2 |       |       |       |       ||     2
Armor: Robe              |    10 |    14 |    19 |    26 |    21 |    19 |    19 |    44 ||   172
       Skin              |       |       |       |       |    45 |    42 |     5 |     8 ||   100
Dodge: Dodged            |    28 |    28 |    31 |    69 |    99 |    60 |    32 |    21 ||   368
Block: Buckler           |       |       |       |       |    57 |    63 |    42 |    60 ||   222
       Reflection        |       |       |       |       |    32 |    32 |    14 |     8 ||    86

Table legend: (Time is in decaauts)
 A = Elapsed time spent in this place.
 B = Non-inter-level travel time spent in this place.
 C = Inter-level travel time spent in this place.
 D = Time resting spent in this place.
 E = Time spent auto-exploring this place.
 F = Levels seen in this place.
 G = Mean time per level.
                   A        B        C        D        E       F      G
               +--------+--------+--------+--------+--------+-----+--------+
         Total |  27869 |  23652 |   4217 |    213 |      0 |  50 |  557.4 |
       Dungeon |   8945 |   7604 |   1341 |     15 |      0 |  15 |  596.3 |
        Temple |    158 |    134 |     24 |      0 |      0 |   1 |  158.0 |
          Lair |   4170 |   3133 |   1037 |     16 |      0 |   5 |  834.0 |
        Shoals |   2490 |   2035 |    455 |     31 |      0 |   4 |  622.5 |
     Snake Pit |   2984 |   2580 |    404 |     22 |      0 |   4 |  746.0 |
    Slime Pits |   1086 |    995 |     91 |     13 |      0 |   5 |  217.2 |
  Orcish Mines |   1663 |   1427 |    236 |    105 |      0 |   2 |  831.5 |
        Vaults |   4303 |   3685 |    618 |      0 |      0 |   5 |  860.6 |
         Crypt |    778 |    778 |      0 |      3 |      0 |   3 |  259.3 |
          Tomb |    614 |    605 |      9 |      0 |      0 |   3 |  204.7 |
       Ossuary |    217 |    217 |      0 |      0 |      0 |   1 |  217.0 |
        Wizlab |    143 |    143 |      0 |      0 |      0 |   1 |  143.0 |
      Gauntlet |    311 |    311 |      0 |      8 |      0 |   1 |  311.0 |
               +--------+--------+--------+--------+--------+-----+--------+

Top non-repeatable levels by time:
  Lair:5: 1169 daAuts
Vaults:4: 983 daAuts
Vaults:1: 957 daAuts
     D:9: 944 daAuts
Vaults:2: 930 daAuts
  Lair:1: 892 daAuts
  Lair:4: 867 daAuts
 Snake:1: 847 daAuts
Vaults:3: 838 daAuts
   Orc:1: 835 daAuts
   Orc:2: 828 daAuts
    D:13: 825 daAuts
     D:8: 824 daAuts
 Snake:2: 776 daAuts
     D:3: 770 daAuts
